 Dungeon Crawl Stone Soup version 0.16.1-16-gc44b35d (webtiles) character file.

142 HAL9000jb88 the Covered (level 5, -5/47 HPs)
             Began as a Minotaur Fighter on Apr 17, 2015.
             Slain by an ogre
             ... wielding a +0 giant club
              (27 damage)
             ... on level 3 of the Dungeon.
             The game lasted 00:25:31 (2011 turns).

HAL9000jb88 the Covered (Minotaur Fighter)          Turns: 2011, Time: 00:25:31

Health: -5/47      AC:  8    Str: 20    XL:     5   Next: 4%
Magic:  2/2        EV:  8    Int:  5    God:
Gold:   148        SH:  9    Dex: 11    Spells: 0 memorised, 4 levels left

rFire  . . .     SeeInvis .     a - +0 war axe
rCold  . . .     Clarity  .     b - +0 scale mail
rNeg   . . .     SustAb   .     c - +0 shield
rPois  .         Gourm    .     (helmet restricted)
rElec  .         Spirit   .     (no cloak)
rCorr  .         Warding  .     (no gloves)
rMut   .         Stasis   .     w - +0 pair of boots
MR     +....                    (no amulet)
Stlth  ..........               (no ring)
                                J - ring of protection from magic

@: somewhat resistant to hostile enchantments, extremely unstealthy
A: retaliatory headbutt, horns 2
a: no special abilities


You were on level 3 of the Dungeon.
You were not hungry.

You visited 1 branch of the dungeon, and saw 3 of its levels.

You collected 148 gold pieces.

Inventory:

Hand weapons
 a - a +0 war axe (weapon)
 i - a +0 hand axe
 z - a cursed -3 whip
 G - a +0 hunting sling
Missiles
 p - 36 sling bullets
 q - 3 tomahawks (quivered)
 x - 10 poisoned needles
 B - 18 arrows
Armour
 b - a +0 scale mail (worn)
 c - a +0 shield (worn)
 w - a +0 pair of boots (worn)
 A - a +0 ring mail
 F - a +0 chain mail
 H - a +0 chain mail
Jewellery
 J - a ring of protection from magic (left hand)
Scrolls
 f - a scroll of enchant weapon {unknown}
 g - 5 scrolls of teleportation
 m - a scroll of amnesia {unknown}
 t - a scroll of magic mapping {unknown}
 y - 2 scrolls of immolation
 E - a scroll of blinking {unknown}
Potions
 e - a potion of might
 j - 2 potions of cancellation {unknown}
 l - a potion of brilliance {unknown}
 n - 2 potions of magic
 r - a potion of restore abilities
 u - a potion of resistance {unknown}
 v - a potion of poison {unknown}
 C - a potion of mutation {unknown}
 I - a potion of heal wounds {unknown}
Books
 D - a book of Burglary

   Spells                             Type                      Level
   a - Swiftness                      Charms/Air                   2
   b - Passwall                       Transmutation/Earth          3
   c - Passage of Golubria            Translocation                4
   d - Lee's Rapid Deconstruction     Earth                        5
   e - Invisibility                   Hexes                        6
   f - Darkness                       Hexes                        7
Comestibles
 d - 4 bread rations
 h - a royal jelly
 k - a meat ration


   Skills:
 + Level 4.3 Fighting
 + Level 3.4 Axes
 + Level 1.5 Throwing
 + Level 4.4 Armour
 + Level 1.4 Dodging
 + Level 4.4 Shields


You had 4 spell levels left.
You didn't know any spells.

Dungeon Overview and Level Annotations

Branches:
Dungeon (3/15)

Altars:
Zin


Innate Abilities, Weirdness & Mutations

You reflexively headbutt those who attack you in melee.
You have a pair of horns on your head.


Message History

The kobold hits the plant but does no damage.
You block the ogre's attack.
You slash the ogre!
The ogre is almost dead.
You hit the plant.
The plant is lightly damaged.
You hit the plant.
The plant is lightly damaged.
The kobold hits the plant but does no damage.
The ogre hits you with a giant club!
The kobold hits the plant but does no damage.
You hit the ogre.
The ogre is almost dead.
You hit the plant but do no damage.
The plant is lightly damaged.
You hit the plant.
The plant is lightly damaged.
The ogre hits you with a giant club!!
Ouch! That really hurt!
You die...

#.# . .. #.# #. .# #. ..# #.
####..#### ###. ##≈PPK.....# ...
##≈≈.PP.## ####
.#####.##PP≈P≈P≈P# ....
.........P≈≈♣♣≈≈≈PP# ####
####.@O≈P♣ ♣♣P≈P# #....#P≈≈♣
♣♣≈P.##### ######PP≈♣ ♣P≈P.....#
###P≈≈♣≈P♣≈≈.####.#
###############...≈PP≈≈≈≈P.......
.#.#.#.#.#.#.#...##.#.≈P≈##.###.#
#.#.#.#.#.#.#.#..##.####P##.# #.#
##.###.###.###...##.# #.##.# #.#
#.#.#.#.#.#.#.#..##.# #.##.# #.#


You could see an ogre (inner flame) and a kobold (inner flame).

Vanquished Creatures
  9 adders
  An orc (D:3)
  5 giant cockroaches
  8 hobgoblins
  4 jackals (D:1)
  A quokka (D:3)
  3 bats (D:1)
  3 giant newts
  10 goblins
  6 kobolds
  9 rats
59 creatures vanquished.

Notes
Turn   | Place    | Note
--------------------------------------------------------------
     0 | D:1      | HAL9000jb88, the Minotaur Fighter, began the quest for the Orb.
     0 | D:1      | Reached XP level 1. HP: 19/19 MP: 1/1
    40 | D:1      | Reached XP level 2. HP: 24/27 MP: 1/1
    49 | D:1      | Reached skill level 4 in Fighting
   473 | D:1      | Reached XP level 3. HP: 30/33 MP: 2/2
  1188 | D:2      | Found a glowing silver altar of Zin.
  1200 | D:2      | Reached XP level 4. HP: 40/40 MP: 2/2
  1403 | D:2      | Reached skill level 1 in Dodging
  1409 | D:2      | Reached skill level 1 in Throwing
  1891 | D:3      | Reached XP level 5. HP: 47/47 MP: 2/2
  1995 | D:3      | Noticed an ogre
  2011 | D:3      | Slain by an ogre

Action                   |  1- 3 |  4- 6 || total
-------------------------+-------+-------++-------
Melee: War axe           |    95 |    44 ||   139
Throw: Tomahawk          |    22 |    19 ||    41
  Use: Scroll            |     2 |     3 ||     5
       Potion            |       |     2 ||     2
  Eat: Beef jerky        |     1 |       ||     1
       Chunk             |       |     2 ||     2
